 Dungeon Crawl Stone Soup version 0.31.0-1-g2c135a008e (webtiles) character file.

Game seed: 3612585979364153055

92 qw the Shooter (level 4, -15/35 HPs)
             Began as a Djinni Hunter on Jan 24, 2024.
             Killed from afar by Ijyb (18 damage)
             ... with a bolt of acid
             ... on level 3 of the Dungeon.
             The game lasted 00:00:04 (1192 turns).

qw the Shooter (Djinni Hunter)                      Turns: 1192, Time: 00:00:05

Health: -15/35     AC:  5    Str: 10    XL:     4   Next: 90%
Gold:   51         EV: 11    Int: 11    God:
                   SH:  0    Dex: 18

rFire   + + .        a - +1 shortbow
rCold   x . .        (shield currently unavailable)
rNeg    . . .        h - +0 ring mail
rPois   inf          (no helmet)
rElec   .            (no cloak)
rCorr   .            (no gloves)
SInv    .            (boots unavailable)
Will    .....        (no amulet)
Stlth   +            (no ring)
HPRegen 0.25/turn    (no ring)
MPRegen 0.00/turn

%: infuse magic (-16 HP)
@: flying
A: sickness immunity, fire resistance 2, cold vulnerability 1, float, innate
caster, HP casting, extra vitality 1
a: no special abilities


You were on level 3 of the Dungeon.
You visited 1 branch of the dungeon, and saw 3 of its levels.

You collected 51 gold pieces.


Innate Abilities, Weirdness & Mutations

You are immune to sickness and miasma.
You are immune to poison.
Your flesh is very heat resistant. (rF++)
You are vulnerable to cold. (rC-)
You float through the air rather than walking.
You learn spells naturally, not from books.
Your magical power is your life essence.
You have superior vitality. (+4 MHP)


   Skills:
 - Level 3.3 Fighting
 + Level 4.1 Ranged Weapons
 - Level 1.0 Armour
 - Level 2.1 Dodging
 - Level 0.7 Stealth


You knew the following spells:

 Your Spells              Type           Power      Damage    Failure   Level
a - Shock                 Conj/Air       0%         1d3       65%         1
Your spell library was empty.

Inventory:

Hand Weapons
 a - a +1 shortbow (weapon)
Armour
 b - a +3 ring mail
 h - a +0 ring mail (worn)
Scrolls
 c - a scroll of identify
 d - a scroll of amnesia {unknown}
 e - a scroll of vulnerability {unknown}
Potions
 f - 2 potions of degeneration {unknown}
 g - 2 potions of cancellation
 i - a potion of magic {unknown}

Dungeon Overview and Level Annotations

Branches:
Dungeon (2/15)

Altars:

Annotations:
D:3 Ijyb


Message History

Found a mace.
Waypoint 2 assigned to D:3.
Ijyb the Twisted Goblin comes into view.
She is wielding a +0 dagger and carrying a wand of acid.
You shoot an arrow. The arrow hits Ijyb.
Ijyb shouts!
Ijyb is lightly wounded.
You shoot an arrow. The arrow closely misses Ijyb.
Ijyb zaps a wand.
The bolt of acid misses you.
You shoot an arrow. The arrow completely misses Ijyb.
Ijyb zaps a wand.
The bolt of acid misses you.
You shoot an arrow. The arrow hits Ijyb.
Ijyb is moderately wounded.
You shoot an arrow. The arrow closely misses Ijyb.
Ijyb barely misses you. Ijyb hits you with a +0 dagger.
You shoot an arrow. The arrow closely misses Ijyb.
Ijyb hits you with a +0 dagger.
You shoot an arrow. The arrow closely misses Ijyb.
Ijyb barely misses you.
You shoot an arrow. The arrow hits Ijyb but does no damage.
Ijyb is moderately wounded.
Ijyb zaps a wand.
The bolt of acid hits you! Ijyb hits you but does no damage.
You shoot an arrow. The arrow closely misses Ijyb.
Ijyb hits you with a +0 dagger.
You shoot an arrow. The arrow hits Ijyb but does no damage.
Ijyb is moderately wounded.
Ijyb zaps a wand.
The bolt of acid misses you.
You shoot an arrow. The arrow hits Ijyb.
Ijyb is heavily wounded.
Ijyb hits you with a +0 dagger.
You shoot an arrow. The arrow hits Ijyb but does no damage.
Ijyb is heavily wounded.
Ijyb hits you with a +0 dagger.
Ijyb zaps a wand.
The bolt of acid misses you.
You shoot an arrow. The arrow hits Ijyb!
Ijyb is severely wounded.
Ijyb hits you but does no damage.
You shoot an arrow. The arrow hits Ijyb.
Ijyb is almost dead.
Ijyb zaps a wand.
The bolt of acid hits you!!
Ouch! That really hurt!
You die...

# ####.#.##
#........
#.##)#.## #.#
..#
#.###.##.....
#....@g.....#
#####=####.##
..# ####


You could see Ijyb.

Vanquished Creatures
  A sleepcap (D:2)
  An adder (D:2)
  2 dart slugs
  4 ball pythons (D:1)
  7 endoplasms
  3 giant cockroaches (D:1)
  6 goblins
  7 hobgoblins
  2 jackals (D:1)
  3 quokkas
  A bat (D:1)
  2 frilled lizards
  3 kobolds
  5 rats (D:1)
47 creatures vanquished.

Notes
Turn   | Place    | Note
-------+----------+-------------------------------------------
     0 | D:1      | qw the Djinni Hunter began the quest for the Orb.
     0 | D:1      | Reached XP level 1. HP: 18/18 MP: 0/0
     0 | D:1      | 0 ||| qw: Version: 0.3-a-136-gdd3b4e8
     0 | D:1      | 0 ||| qw: Game counter: 1300
     0 | D:1      | 0 ||| qw: Melee chars always use a shield: true
     0 | D:1      | 0 ||| qw: God list: Okawaru
     0 | D:1      | 0 ||| qw: Allow faded altars: false
     0 | D:1      | 0 ||| qw: Do Orc after clearing Dungeon:15 true
     0 | D:1      | 0 ||| qw: Do second Lair branch before Depths: true
     0 | D:1      | 0 ||| qw: Lair rune preference: random
     0 | D:1      | 0 ||| qw: Goals: Normal
     0 | D:1      | 0 ||| PLANNING D:1-11
    43 | D:1      | Reached XP level 2. HP: 17/23 MP: 0/0
   188 | D:1      | Found a faded altar of an unknown god.
   332 | D:1      | Reached XP level 3. HP: 27/28 MP: 0/0
   332 | D:1      | Learned a level 1 spell: Shock
   420 | D:1      | Reached skill level 4 in Ranged Weapons
   842 | D:1      | 842 ||| UPGRADING to +0 ring mail.
   852 | D:1      | 852 ||| DROPPING +0 leather armour.
   853 | D:1      | 853 ||| READING scroll labelled FET FUHIGARA.
   853 | D:1      | 853 ||| IDENTIFYING 2 red potions
   854 | D:1      | 854 ||| READING scroll labelled MYFATASUGE.
   854 | D:1      | 854 ||| ENCHANTING +0 shortbow.
   855 | D:1      | 855 ||| READING scroll labelled HOFFOC JUUXYOTZ.
   856 | D:1      | 856 ||| READING scroll labelled WECYVE SEUNNO.
   857 | D:1      | 857 ||| DROPPING scroll of butterflies.
   917 | D:2      | Reached XP level 4. HP: 34/34 MP: 0/0
   921 | D:2      | Reached skill level 1 in Armour
   936 | D:2      | Reached skill level 3 in Fighting
  1174 | D:2      | You are sucked into a shaft and drop 1 floor!
  1178 | D:3      | Noticed Ijyb
  1187 | D:3      | HP: 8/35 [Ijyb/+0 dagger (5)]
  1190 | D:3      | HP: 3/35 [Ijyb/+0 dagger (2)]
  1192 | D:3      | Killed from afar by Ijyb

Levels and vault maps discovered:
D:1:      dpeg_arrival_long_road, layout_loops_ring,
          ebering_ecumenical_altar_rust, kennysheep_pointless_box, st_stairs_3,
          minivault_24
D:2:      layout_rooms
D:3:      layout_loops_corners, uniq_crazy_yiuf_cottage, uniq_jessica,
          uniq_grinder, uniq_ijyb

Skill      XL: |  1  2  3  4 |
---------------+-------------+-----
Ranged Weapons | 4 |  4.1
Armour         | 1 |  1.0
Fighting       | 3 |  3.3
Dodging        | |  2.1
Stealth        | |  0.7

Action                     |  1- 3 |  4- 6 || total
---------------------------+-------+-------++-------
   Fire: Shortbow          |    82 |    48 ||   130
    Use: Scroll            |     4 |       ||     4
 Armour: Leather armour    |     8 |       ||     8
         Ring mail         |       |    16 ||    16
  Dodge: Dodged            |     7 |    10 ||    17

Table legend:
 A = Non-vault XP
 B = Vault XP
 C = Vault XP percentage of total XP
 D = Non-vault monster count
 E = Vault monster count
 F = Vault count percentage of total count
                 A         B        C        D         E       F
            +---------+---------+-------+---------+---------+-------
      Total |     126 |       6 |   4.5 |      45 |       2 |   4.3
            +---------+---------+-------+---------+---------+-------
        D:1 |      53 |       6 |  10.2 |      31 |       2 |   6.1
        D:2 |      73 |       0 |   0.0 |      14 |       0 |   0.0
            +---------+---------+-------+---------+---------+-------
